 Dungeon Crawl Stone Soup version 0.28.0-1-gb440e238dd (webtiles) character file.

Game seed: 161469588050658319

3969 Ablot the Magician (level 10, -4/77 HPs)
             Began as a Gnoll Warper on Feb 22, 2022.
             Was an Initiate of Okawaru.
             Killed from afar by an orc wizard (11 damage)
             ... with a magic dart
             ... on level 9 of the Dungeon.
             The game lasted 00:19:29 (13878 turns).

Ablot the Magician (Gnoll Warper)                  Turns: 13878, Time: 00:19:29

Health: -4/77      AC:  7    Str: 14    XL:     10   Next: 22%
Magic:  20/20      EV: 13    Int: 13    God:    Okawaru [......]
Gold:   101        SH:  0    Dex: 12    Spells: 19/23 levels left

rFire   x . .      SeeInvis .   r - +2 short sword (venom)
rCold   + . .      Faith    .   (no shield)
rNeg    . . .      Spirit   .   h - +0 ring mail
rPois   .          Reflect  .   (no helmet)
rElec   .          Harm     .   (no cloak)
rCorr   .          Rampage  .   J - +0 pair of gloves
Will    .....                   (no boots)
Stlth   ++........              (no amulet)
HPRegen 0.22/turn               E - ring of ice
MPRegen 0.17/turn               (no ring)

@: wereblooded
A: fangs 1, strong nose, distributed training
a: Renounce Religion


You were on level 9 of the Dungeon.
You worshipped Okawaru.
Okawaru was noncommittal.
You visited 2 branches of the dungeon, and saw 10 of its levels.

You collected 325 gold pieces.
You spent 224 gold pieces at shops.

Inventory:

Hand Weapons
 a - a +0 spear
 r - a +2 short sword of venom (weapon)
 s - a +2 flail of holy wrath
Missiles
 d - 6 boomerangs of dispersal
 f - 39 sling bullets
 g - 264 stones
 t - 23 poisoned darts (quivered)
 v - 57 bolts
 y - 6 javelins
 z - 3 boomerangs
 F - 129 arrows
Armour
 b - a +0 leather armour
 h - a +0 ring mail (worn)
 J - a +0 pair of gloves (worn)
Jewellery
 E - a ring of ice (left hand)
Wands
 w - a wand of digging (1)
 B - a wand of iceblast (30)
 C - a wand of flame (30)
 G - a wand of mindburst (13)
Scrolls
 c - a scroll of blinking
 e - 7 scrolls of identify {unknown}
 i - a scroll of fear {unknown}
 j - 2 scrolls of vulnerability {unknown}
 o - 2 scrolls of teleportation {unknown}
 q - 3 scrolls of fog {unknown}
 H - a scroll of summoning {unknown}
 L - a scroll of enchant weapon {unknown}
Potions
 k - 8 potions of curing
 l - 2 potions of lignification {unknown}
 m - 2 potions of attraction {unknown}
 n - 7 potions of heal wounds
 p - a potion of resistance {unknown}
 u - a potion of invisibility {unknown}
 x - 2 potions of magic {unknown}
 A - 2 potions of cancellation {unknown}
 D - a potion of might {unknown}
 I - 2 potions of mutation {unknown}
 K - a potion of ambrosia {unknown}


   Skills:
 + Level 6.9 Fighting
 + Level 5.0 Short Blades
 + Level 5.0 Long Blades
 + Level 5.0 Axes
 + Level 5.0 Maces & Flails
 + Level 6.9 Polearms
 + Level 5.0 Staves
 + Level 5.0 Slings
 + Level 5.0 Bows
 + Level 5.0 Crossbows
 + Level 5.7 Throwing
 + Level 5.7 Armour
 + Level 6.9 Dodging
 + Level 5.0 Stealth
 + Level 5.0 Shields
 + Level 5.0 Unarmed Combat
 + Level 7.2 Spellcasting
 + Level 4.2 Conjurations
 + Level 4.2 Hexes
 + Level 4.2 Summonings
 + Level 4.2 Necromancy
 + Level 7.0 Translocations
 + Level 4.2 Transmutations
 + Level 4.2 Fire Magic
 + Level 4.2 Ice Magic
 + Level 4.2 Air Magic
 + Level 4.2 Earth Magic
 + Level 4.2 Poison Magic
 + Level 5.5 Invocations
 + Level 5.0 Evocations


You had 19 spell levels left.
You knew the following spells:

 Your Spells              Type           Power      Damage    Failure   Level
a - Blink                 Tloc           44%        N/A       2%          2
b - Wereblood             Tmut           15%        N/A       8%          2

Your spell library contained the following spells:

 Spells                   Type           Power      Damage    Failure   Level
 Beastly Appendage        Tmut           30%        N/A       4%          1
 Pain                     Necr           60%        1d7       4%          1
 Gell's Gravitas          Tloc           22%        N/A       4%          3
 Lesser Beckoning         Tloc           22%        N/A       4%          3
 Teleport Other           Tloc           22%        N/A       4%          3
 Static Discharge         Conj/Air       15%        N/A       8%          2
 Dazzling Flash           Conj/Hex       30%        N/A       16%         3
 Inner Flame              Hex/Fire       15%        N/A       16%         3
 Spider Form              Tmut/Pois      15%        N/A       16%         3
 Vampiric Draining        Necr           15%        2d7       16%         3
 Iskenderun's Mystic Bla  Conj/Tloc      19%        2d6       28%         4
 Manifold Assault         Tloc           22%        N/A       41%         5
 Cause Fear               Hex            7%         N/A       45%         4
 Dispel Undead            Necr           15%        3d10      45%         4
 Sticky Flame             Conj/Fire      15%        2d4       45%         4
 Starburst                Conj/Fire      7%         6d4       100%        6
 Discord                  Hex            7%         N/A       100%        8
 Animate Skeleton         Necr           Unusable   N/A       N/A         1

Dungeon Overview and Level Annotations

Branches:
Dungeon (9/15)             Temple (1/1) D:4
   Lair: D:8-11         Orc: D:9-12

Altars:
Ashenzari
Cheibriados
Dithmenos
Elyvilon
Gozag
Hepliaklqana
Kikubaaqudgha
Makhleb
Okawaru
Qazlal
Ru
Sif Muna
Trog
Uskayaw
Vehumet
Wu Jian
Xom
Yredelemnul
Zin
The Shining One

Shops:
D:7 *   D:8 (


Innate Abilities, Weirdness & Mutations

You have very sharp teeth.
Your uncanny sense of smell can sniff out nearby items.
Your experience applies equally to all skills.


Message History

You feel sick.
Unknown command.
You hit the orc priest but do no damage.
Your bite misses the orc priest.
The orc priest is severely wounded.
You howl as the wereblood boils in your veins!
You feel sick.
The orc wizard hits you with a +0 dagger.
* * * LOW HITPOINT WARNING * * *
The orc priest looks braver for a moment.
You feel much better.
You feel sick. The orc wizard misses you.
An orc warrior comes into view. It is wielding a +0 trident.
The orc priest closely misses you.
Unknown command.
You hit the orc priest. Your bite misses the orc priest.
The orc priest is severely wounded.
The orc wizard closely misses you. The orc priest hits you with a +0 whip.
The orc warrior hits you from afar with a +0 trident.
* * * LOW HITPOINT WARNING * * *
Unknown command.
You hit the orc priest.
The orc priest is almost dead.
You feel sick.
You are no longer poisoned.
The orc wizard barely misses you.
The orc priest invokes the aid of Beogh against you.
You struggle to resist.
The orc warrior barely misses you.
You hit the orc priest but do no damage.
The orc priest is poisoned.
The orc priest is almost dead.
The orc wizard barely misses you. The orc priest barely misses you.
The orc warrior hits you from afar with a +0 trident!
* * * LOW HITPOINT WARNING * * *
Unknown command.
You hit the orc priest.
You feel a bit better.
You kill the orc priest!
Okawaru accepts your kill.
The orc wizard points at you and mumbles some strange words.
The magic dart hits you!
You die...

#............
#............ ?...........
........... o.. ..........
...... ......# .....o.
#)o..# ....... #@)..#
....... .......###....##
##.......
.........o..<..###........
....$....................
..$......................
.###....................
#...................#
.###..................#
......................##


You could see an orc warrior and an orc wizard.

Vanquished Creatures
  A wyvern (D:8)
  A steam dragon (D:8)
  Edmund (D:4)
  4 water moccasins
  Duvessa (D:5)
  An orc warrior (D:7)
  2 sky beasts
  2 black bears
  4 necrophages
  3 ice beasts
  2 ogres
  A phantom (D:6)
  2 centaurs
  2 kobold brigands
  A scorpion (D:5)
  3 bullfrogs (D:7)
  Dowan (D:5)
  3 howler monkeys
  A wight (D:6)
  3 hounds
  A human zombie (D:6)
  4 bullfrog zombies
  A centaur zombie (D:9)
  5 orc priests
  A centaur skeleton (D:5)
  Ijyb (D:3)
  5 orc wizards
  3 iguanas
  A killer bee zombie (D:5)
  6 mummies (D:6)
  11 adders
  A shadow imp (D:5)
  A white imp (D:7)
  An ufetubus (D:6)
  An adder skeleton (D:4)
  A worm (D:3)
  3 dart slugs
  24 orcs
  8 bats
  9 endoplasms
  2 giant cockroaches (D:1)
  5 goblins
  13 hobgoblins
  12 kobolds
  A quokka (D:1)
  5 ball pythons
  A frilled lizard (D:3)
  10 rats
  A bush (D:2)
177 creatures vanquished.

Vanquished Creatures (others)
  2 plants (D:2)
2 creatures vanquished.

Grand Total: 179 creatures vanquished

Notes
Turn   | Place    | Note
-------+----------+-------------------------------------------
     0 | D:1      | Ablot the Gnoll Warper began the quest for the Orb.
     0 | D:1      | Reached XP level 1. HP: 20/20 MP: 6/6
   190 | D:1      | Reached XP level 2. HP: 26/26 MP: 7/7
   193 | D:1      | Learned a level 2 spell: Blink
  1082 | D:2      | Reached skill level 5 in Spellcasting
  1082 | D:2      | Reached XP level 3. HP: 7/31 MP: 7/9
  1384 | D:2      | Reached skill level 1 in Invocations
  1387 | D:2      | Found a faded altar of an unknown god.
  2099 | D:2      | Reached skill level 1 in Short Blades
  2099 | D:2      | Reached skill level 1 in Long Blades
  2099 | D:2      | Reached skill level 1 in Axes
  2099 | D:2      | Reached skill level 1 in Maces & Flails
  2099 | D:2      | Reached skill level 1 in Staves
  2099 | D:2      | Reached skill level 1 in Slings
  2099 | D:2      | Reached skill level 1 in Bows
  2099 | D:2      | Reached skill level 1 in Crossbows
  2099 | D:2      | Reached skill level 1 in Stealth
  2099 | D:2      | Reached skill level 1 in Shields
  2099 | D:2      | Reached skill level 1 in Unarmed Combat
  2099 | D:2      | Reached skill level 1 in Evocations
  2099 | D:2      | Reached XP level 4. HP: 27/38 MP: 11/11
  2274 | D:2      | Reached skill level 1 in Conjurations
  2274 | D:2      | Reached skill level 1 in Hexes
  2274 | D:2      | Reached skill level 1 in Summonings
  2274 | D:2      | Reached skill level 1 in Necromancy
  2274 | D:2      | Reached skill level 1 in Transmutations
  2274 | D:2      | Reached skill level 1 in Fire Magic
  2274 | D:2      | Reached skill level 1 in Ice Magic
  2274 | D:2      | Reached skill level 1 in Air Magic
  2274 | D:2      | Reached skill level 1 in Earth Magic
  2274 | D:2      | Reached skill level 1 in Poison Magic
  2971 | D:2      | Reached XP level 5. HP: 43/43 MP: 12/12
  3343 | D:3      | You fall into a shaft and drop 2 floors!
  3343 | D:5      | Entered Level 5 of the Dungeon
  3545 | D:4      | Found a shimmering altar of Xom.
  3548 | D:4      | Found a shadowy altar of Dithmenos.
  3549 | D:4      | Found an ornate altar of the Wu Jian Council.
  3697 | D:4      | Noticed a necrophage
  3720 | D:4      | Killed a necrophage
  3721 | D:4      | Reached XP level 6. HP: 21/50 MP: 13/13
  3907 | D:4      | Noticed Edmund
  4011 | D:4      | Found a staircase to the Ecumenical Temple.
  4025 | Temple   | Entered the Ecumenical Temple
  4255 | Temple   | Became a worshipper of Elyvilon the Healer
  4292 | D:4      | Killed Edmund
  4293 | D:4      | Reached skill level 5 in Fighting
  4293 | D:4      | Reached skill level 5 in Polearms
  4293 | D:4      | Reached skill level 5 in Dodging
  4549 | D:4      | Noticed a necrophage
  4558 | D:4      | Killed a necrophage
  4559 | D:4      | Reached XP level 7. HP: 51/56 MP: 15/15
  4848 | D:3      | Noticed Ijyb
  4862 | D:3      | Killed Ijyb
  5260 | D:3      | Reached * piety under Elyvilon
  6047 | D:4      | Found an opulent altar of Gozag.
  6296 | D:4      | Found a snail-covered altar of Cheibriados.
  6822 | D:5      | Noticed Dowan
  6822 | D:5      | Noticed Duvessa
  6891 | D:5      | Reached XP level 8. HP: 39/63 MP: 16/16
  7260 | D:5      | Killed Duvessa
  7276 | D:5      | HP: 2/63 [Dowan/stone arrow (12)]
  7277 | D:5      | Killed Dowan
  8129 | D:5      | Reached ** piety under Elyvilon
  9416 | D:6      | Reached XP level 9. HP: 48/69 MP: 18/18
  9422 | D:6      | HP: 1/69 [ice beast (8)]
 10101 | D:6      | Found a shimmering blue altar of Sif Muna.
 10351 | D:6      | Found a basalt altar of Yredelemnul.
 10507 | D:6      | Reached skill level 5 in Throwing
 10507 | D:6      | Reached skill level 5 in Armour
 10769 | D:7      | Found Akly's General Store.
 10817 | D:7      | Bought a potion of heal wounds for 70 gold pieces
 10817 | D:7      | Bought 2 potions of curing for 84 gold pieces
 10817 | D:7      | Bought a potion of heal wounds for 70 gold pieces
 11067 | D:7      | Found a radiant altar of Vehumet.
 11088 | D:7      | Reached *** piety under Elyvilon
 11316 | D:7      | Found a glowing silver altar of Zin.
 11603 | D:7      | Reached skill level 5 in Invocations
 11763 | D:8      | Found Erezoff's Weapon Shoppe.
 12405 | D:8      | Reached XP level 10. HP: 43/77 MP: 20/20
 12997 | D:8      | Learned a level 2 spell: Wereblood
 13065 | D:8      | Reached **** piety under Elyvilon
 13126 | D:8      | Reached skill level 5 in Short Blades
 13126 | D:8      | Reached skill level 5 in Long Blades
 13126 | D:8      | Reached skill level 5 in Axes
 13126 | D:8      | Reached skill level 5 in Maces & Flails
 13126 | D:8      | Reached skill level 5 in Staves
 13126 | D:8      | Reached skill level 5 in Slings
 13126 | D:8      | Reached skill level 5 in Bows
 13126 | D:8      | Reached skill level 5 in Crossbows
 13126 | D:8      | Reached skill level 5 in Stealth
 13126 | D:8      | Reached skill level 5 in Shields
 13126 | D:8      | Reached skill level 5 in Unarmed Combat
 13126 | D:8      | Reached skill level 5 in Evocations
 13260 | D:8      | Found an iron altar of Okawaru.
 13263 | D:8      | Fell from the grace of Elyvilon
 13263 | D:8      | Became a worshipper of Warmaster Okawaru
 13316 | D:8      | Found a sacrificial altar of Ru.
 13878 | D:9      | Killed from afar by an orc wizard

Illustrated notes

Levels and vault maps discovered:
D:1:      lemuel_arrival_rhombus, layout_basic, st_stairs_5
D:2:      minmay_diamond_boxcup, layout_loops_corners,
          ebering_ecumenical_altar_ruins, serial_forest,
          infiniplex_forest_clump_diagonal, infiniplex_forest_straight_5,
          infiniplex_forest_lined_room_2, infiniplex_forest_end_2
D:3:      layout_loops_corners, uniq_ijyb
D:4:      layout_loops_cross, mainiacjoe_overflow_big_doors,
          grunt_temple_overflow_open, minmay_temple_entry_crystal_x, uniq_edmund
D:5:      layout_basic, uniq_duvessa
D:6:      layout_basic, mainiacjoe_overflow_alcove_1,
          lemuel_mausoleum_altar_yredelemnul, grunt_decor_one_mirror
D:7:      layout_loops_cross, nicolae_vehumet_radiance, zin_treasury,
          serial_shops, nicolae_shop_advertising_works
          [nicolae_subvault_shop_adworks]
D:8:      layout_basic, kennysheep_mini, nicolae_ru_great_annihilating_truth,
          serial_shops, nicolae_shop_statue_plus, palyth_stone_intersect
D:9:      layout_big_octagon, fedhas_altar_1, nemelex_altar_shiori
Temple:   jpeg_temple_island

Skill      XL: |  1  2  3  4  5  6  7  8  9 10 |
---------------+-------------------------------+-----
Spellcasting   | 5 6 7 |  7.2
Invocations    | 1 2 3 4 5 |  5.5
Short Blades   | 1 2 3 4 5 |  5.0
Long Blades    | 1 2 3 4 5 |  5.0
Axes           | 1 2 3 4 5 |  5.0
Maces & Flails | 1 2 3 4 5 |  5.0
Staves         | 1 2 3 4 5 |  5.0
Slings         | 1 2 3 4 5 |  5.0
Bows           | 1 2 3 4 5 |  5.0
Crossbows      | 1 2 3 4 5 |  5.0
Stealth        | 1 2 3 4 5 |  5.0
Shields        | 1 2 3 4 5 |  5.0
Unarmed Combat | 1 2 3 4 5 |  5.0
Evocations     | 1 2 3 4 5 |  5.0
Conjurations   | 1 2 3 4 |  4.2
Hexes          | 1 2 3 4 |  4.2
Summonings     | 1 2 3 4 |  4.2
Necromancy     | 1 2 3 4 |  4.2
Transmutations | 1 2 3 4 |  4.2
Fire Magic     | 1 2 3 4 |  4.2
Ice Magic      | 1 2 3 4 |  4.2
Air Magic      | 1 2 3 4 |  4.2
Earth Magic    | 1 2 3 4 |  4.2
Poison Magic   | 1 2 3 4 |  4.2
Throwing       | 3 4 5 |  5.7
Armour         | 3 4 5 |  5.7
Fighting       | 5 6 |  6.9
Polearms       | 5 6 |  6.9
Dodging        | 5 6 |  6.9
Translocations | 6 7 |  7.0

Action                   |  1- 3 |  4- 6 |  7- 9 | 10-12 || total
-------------------------+-------+-------+-------+-------++-------
Melee: Spear             |   385 |    90 |       |       ||   475
       Bite              |    62 |    14 |    56 |     8 ||   140
       Punch             |    12 |     3 |    19 |     6 ||    40
       Short sword       |       |    45 |   374 |    89 ||   508
       Flail             |       |     3 |    73 |       ||    76
Throw: Dart              |       |       |       |     2 ||     2
 Cast: Blink             |       |       |     1 |       ||     1
       Wereblood         |       |       |       |     1 ||     1
Evoke: Wand              |       |       |     2 |       ||     2
  Use: Potion            |       |       |       |     1 ||     1
 Stab: Sleeping          |       |     1 |     5 |       ||     6
       Paralysed         |       |       |       |     1 ||     1
Armor: Leather armour    |     5 |       |       |       ||     5
       Ring mail         |    26 |    33 |   131 |    38 ||   228
Dodge: Dodged            |    51 |    65 |   238 |    58 ||   412
